 Dungeon Crawl Stone Soup version 0.13-a0-3104-gb5885e9 (webtiles) character file.

108 Malachi the Magician (level 2, -1/17 HPs)
             Began as a Mummy Wizard on Sept 19, 2013.
             Slain by an iguana (15 damage)
             ... on Level 1 of the Dungeon.
             The game lasted 00:01:29 (2256 turns).

Malachi the Magician (Mummy Wizard)                 Turns: 2256, Time: 00:01:29

HP  -1/17        AC  3     Str 10      XL: 2   Next: 44%
MP   1/7         EV 12     Int 17      God:
Gold 91          SH  0     Dex 10      Spells:  1 memorised,  7 levels left

Res.Fire  : x . .   See Invis. : .   j - +2,+0 elf short sword
Res.Cold  : + . .   Warding    : .   a - +0 robe
Life Prot.: + + +   Conserve   : .   (no shield)
Res.Poison: +       Res.Corr.  : .   b - +0 wizard hat
Res.Elec. : .       Clarity    : .   (no cloak)
Sust.Abil.: . .     Spirit.Shd : .   i - +0 pair of elf gloves
Res.Mut.  : .       Stasis     : .   (no boots)
Res.Rott. : +       Flight     : .   (no amulet)
Saprovore : . . .                    (no ring)
                                     (no ring)

@: slightly resistant to hostile enchantments, unstealthy
A: no food or potions, fire vulnerability, restore body, cold resistance 1, life
protection 3, poison resistance, torment resistance, unbreathing
a: no special abilities


You were on level 1 of the Dungeon.
You were not hungry.

You visited 1 branch of the dungeon, and saw 2 of its levels.

You collected 71 gold pieces.

Inventory:

Hand weapons
 j - a +2,+0 elven short sword (weapon)
Armour
 a - a +0 robe (worn)
 b - a +0 wizard hat (worn)
 i - a +0 pair of elven gloves (worn)
Scrolls
 d - a scroll of enchant armour {unknown}
 e - a scroll of fear {unknown}
 f - a scroll of enchant weapon II {unknown}
 g - 2 scrolls of teleportation {unknown}
 h - a scroll of fog {unknown}
Books
 c - a book of Minor Magic

   Spells                             Type                      Level
   *Magic Dart                        Conjuration                  1
   Blink                              Translocation                2
   Call Imp                           Summoning                    2
   Repel Missiles                     Charms/Air                   2
   Slow                               Hexes                        2
   Conjure Flame                      Conjuration/Fire             3
   Mephitic Cloud                     Conjuration/Poison/Air       3


   Skills:
 + Level 1.6 Dodging
 + Level 1.7 Stealth
 + Level 3.5 Spellcasting
 + Level 1.0 Conjurations
   Level 0.7 Summonings
   Level 0.7 Translocations


You had 7 spell levels left.
You knew the following spells:

 Your Spells              Type           Power        Failure   Level  Hunger
a - Magic Dart            Conj           #...         14%         1    N/A

Dungeon Overview and Level Annotations

Branches:
Dungeon (2/27)

Altars:


Innate Abilities, Weirdness & Mutations

You do not eat or drink.
Your flesh is vulnerable to fire.
Your flesh is cold resistant.
You are immune to negative energy.
Your system is resistant to poisons.
You are immune to unholy pain and torment.
You can survive without breathing.


Message History

Casting: Magic Dart
Confirm with . or Enter, or press ? or * to list all spells.
You don't have enough magic to cast that spell.
Casting: Magic Dart
Confirm with . or Enter, or press ? or * to list all spells.
You don't have enough magic to cast that spell.
Casting: Magic Dart
Confirm with . or Enter, or press ? or * to list all spells.
You don't know that spell.
You closely miss the iguana.
The iguana is moderately wounded.
The iguana barely misses you.
You hit the iguana.
The iguana is heavily wounded.
The iguana bites you.
You closely miss the iguana.
The iguana is heavily wounded.
The iguana bites you!
Ouch! That really hurt!
You die...

......##.#.###♣♣≈≈..#'#♣..###...#
.#.......#...##♣≈♣........# #..[#
.##.#############♣♣.....### #...#
....# #######..#♣♣♣..♣♣# #...#
.#### #........#############...#
.#### #.....#...................
....# #........#.#..............
....# #.....##.#.#...)..........
.#### #....%##.@l!.....###.#....
.# ####...[...##.#### #.#.... .#
##########.# #.#.... .####### #.#
#.#.... .......# #.# #....(.
.#.....# #.# ####.#. .......#
#######.###### #.... ##.)...#
#............# ##.#.
##.....#######.####.#####.######.


You could see an iguana.

Vanquished Creatures
  A giant gecko (D:1)
  An ooze (D:1)
  A bat (D:1)
  3 hobgoblins (D:1)
  4 kobolds (D:1)
  2 goblins
  2 rats (D:1)
14 creatures vanquished.

Notes
Turn   | Place    | Note
--------------------------------------------------------------
     0 | D:1      | Malachi, the Mummy Wizard, began the quest for the Orb.
     0 | D:1      | Reached XP level 1. HP: 11/11 MP: 5/5
   870 | D:1      | Reached XP level 2. HP: 17/17 MP: 0/7
  1167 | D:1      | Reached skill level 1 in Conjurations
  2256 | D:1      | Slain by an iguana

Action                   || total
-------------------------++-------
Melee: Unarmed           ||    15
       Short sword       ||     3
 Cast: Magic Dart        ||    43
